 Dungeon Crawl Stone Soup version 0.31.0-11-ge490571c62 (webtiles) character file.

Game seed: 1872998281770918696

30 Gadfly the Trooper (level 3, 29/29 HPs)
             Began as a Demonspawn Monk on Feb 5, 2024.
             Quit the game on level 2 of the Dungeon.
             The game lasted 00:01:11 (1041 turns).

Gadfly the Trooper (Demonspawn Monk)                Turns: 1041, Time: 00:01:12

Health: 29/29      AC:  2    Str: 13    XL:     3   Next: 5%
Magic:  3/3        EV: 13    Int: 10    God:
Gold:   53         SH:  0    Dex: 15    Spells: 2/2 levels left

rFire   . .          .
                       - Unarmed
rCold   . . .        c - orb {light}
rNeg    . . .        a - +0 robe
rPois   .            (no helmet)
rElec   .            (no cloak)
rCorr   .            (no gloves)
SInv    .            (no boots)
Will    .....        (no amulet)
Stlth   +            (no ring)
HPRegen 0.24/turn    (no ring)
MPRegen 0.16/turn

%: no passive effects
@: glowing, very slow
A: foul stench 1, magic regeneration
a: no special abilities


You were on level 2 of the Dungeon.
You visited 1 branch of the dungeon, and saw 2 of its levels.

You collected 53 gold pieces.

Inventory:

Armour
 a - a +0 robe (worn)
 c - an orb of light (worn)
Scrolls
 g - a scroll of teleportation
Potions
 b - a potion of ambrosia
 d - a potion of heal wounds {unknown}
 e - a potion of lignification


   Skills:
 - Level 3.0 Fighting
 + Level 2.9 Dodging
 * Level 3.0 Unarmed Combat
 * Level 1.2 Evocations
 * Level 1.0 Shapeshifting


You had 2 spell levels left.
You didn't know any spells.
Your spell library was empty.

Dungeon Overview and Level Annotations

Branches:
Dungeon (2/15)

Altars:


Innate Abilities, Weirdness & Mutations

You may rarely emit foul miasma when damaged in melee.
You regenerate magic rapidly.


Message History

The ribbon worm expels a string of sticky webbing.
The stream of webbing hits you but does no damage.
You are caught in a web!
You are caught in a web!
You are caught in a web!
You are caught in a web!
You are caught in a web!
You are caught in a web!
You are caught in a web!
You are caught in a web!
You are caught in a web!
You are caught in a web!
You are caught in a web!
You are caught in a web!
You are caught in a web!
You are caught in a web!
You are caught in a web!
You are caught in a web!
You are caught in a web!
Unknown command.
The web tears apart.
The ribbon worm bites you.
You emit a cloud of foul miasma!
You hit the ribbon worm.
The ribbon worm is almost dead.
The ribbon worm is engulfed in dark miasma.
The ribbon worm is poisoned.
You kill the ribbon worm!
You have reached level 3!
Your experience leads to an increase in your attributes!
Increase (S)trength, (I)ntelligence, or (D)exterity?
You feel stronger. x2; Your demonic ancestry asserts itself...
Your magic begins to regenerate rapidly.
HP restored.
d - a murky golden potion You enter the shallow water.
Moving in this stuff is going to be slow.
A rat comes into view.
The rat squeaks loudly.
A rat is nearby!
Are you sure you want to abandon this character and quit the game? (Confirm with "yes".)

#.......########
#.##.......#...##
#.#...#.##.......
#.#.....##.......
#.#...#..........
#.......##<#...##
####..#####.#####
##~..~~..~...#
#~@~.~≈.~.≈###
#.~~.≈.~####
#~♣...≈.♣
###≈..#≈.~
..~~~...≈
#.~~≈~.##..
##~r~♣~≈~..
#.≈.♣~~


You could see a rat.

Vanquished Creatures
  A ribbon worm (D:2)
  2 ball pythons (D:1)
  4 bats (D:1)
  7 endoplasms (D:1)
  4 giant cockroaches (D:1)
  A goblin (D:1)
  A hobgoblin (D:1)
  2 kobolds (D:1)
  2 rats (D:1)
24 creatures vanquished.

Notes
Turn   | Place    | Note
-------+----------+-------------------------------------------
     0 | D:1      | Gadfly the Demonspawn Monk began the quest for the Orb.
     0 | D:1      | Reached XP level 1. HP: 18/18 MP: 1/1
   312 | D:1      | Gained mutation: You may rarely emit foul miasma when
                  | damaged in melee. [demonic ancestry]
   312 | D:1      | Reached XP level 2. HP: 24/24 MP: 2/2
   453 | D:1      | Reached skill level 1 in Evocations
   690 | D:1      | Reached skill level 1 in Shapeshifting
  1025 | D:2      | Gained mutation: You regenerate magic rapidly. [demonic
                  | ancestry]
  1025 | D:2      | Reached XP level 3. HP: 27/29 MP: 3/3
  1041 | D:2      | Quit the game

Illustrated notes

Levels and vault maps discovered:
D:1:      saegor_arrival_simple_e, layout_loops_ring,
          nicolae_figureground_sparkle
D:2:      layout_loops_cross, basic_altar, serial_shops,
          nicolae_shop_tiny_real_fake_doors, chequers_serial_rivers_marsh

Skill      XL: |  1  2 |
---------------+-------+-----
Evocations     | 1 |  1.2
Unarmed Combat | 3 |  3.0
Shapeshifting  | 1 |  1.0
Fighting       | |  3.0
Dodging        | |  2.9

Action                     || total
---------------------------++-------
  Melee: Unarmed           ||    86
    Use: Scroll            ||     3
 Armour: Robe              ||    42
  Dodge: Dodged            ||    68
